 Dungeon Crawl Stone Soup version 0.27.1-1-g398f81649c (webtiles) character file.

Game seed: 1707027706814793968

86 pokedragonboy the Gusty (level 4, -2/24 HPs)
             Began as a Tengu Air Elementalist on Sept 12, 2021.
             Slain by a sky beast (6 damage)
             ... on level 3 of the Dungeon.
             The game lasted 00:06:52 (3316 turns).

pokedragonboy the Gusty (Tengu Air Elementalist)    Turns: 3316, Time: 00:06:52

Health: -2/24      AC:  2    Str:  9    XL:     4   Next: 50%
Magic:  6/8        EV: 12    Int: 16    God:
Gold:   51         SH:  0    Dex: 14    Spells: 5/8 levels left

rFire    . . .     SeeInvis .   m - +2 dagger (venom)
rCold    . . .     Faith    .   (no shield)
rNeg     . . .     Spirit   .   a - +0 robe
rPois    +         Reflect  .   (helmet restricted)
rElec    .         Harm     .   (no cloak)
rCorr    .         Rampage  .   (no gloves)
Will     +....                  (boots unavailable)
Stlth    ++........             (no amulet)
HPRegen  0.08/turn              e - ring of willpower
MPRegen  0.11/turn              g - ring of poison resistance

@: very slightly contaminated
A: beak, talons 3
a: no special abilities


You were on level 3 of the Dungeon.
You visited 1 branch of the dungeon, and saw 3 of its levels.

You collected 51 gold pieces.

Inventory:

Hand Weapons
 m - a +2 dagger of venom (weapon)
Missiles
 k - 5 javelins
Armour
 a - a +0 robe (worn)
Jewellery
 e - a ring of willpower (left hand)
 g - a ring of poison resistance (right hand)
Scrolls
 b - a scroll of vulnerability {unknown}
 h - 2 scrolls of amnesia
Potions
 f - a potion of magic {unknown}
 i - a potion of berserk rage {unknown}
 j - a potion of mutation {unknown}
 l - 2 potions of lignification


   Skills:
 - Level 2.1 Dodging
 - Level 2.0 Stealth
 + Level 2.5 Spellcasting
 * Level 3.6 Conjurations
 * Level 5.3 Air Magic


You had 5 spell levels left.
You knew the following spells:

 Your Spells              Type           Power      Damage    Failure   Level
a - Shock                 Conj/Air       64%        1d7       3%          1
b - Static Discharge      Conj/Air       16%        N/A       4%          2

Your spell library contained the following spells:

 Spells                   Type           Power      Damage    Failure   Level
 Swiftness                Air            19%        N/A       7%          3
 Airstrike                Air            9%         N/A       22%         4


Dungeon Overview and Level Annotations

Branches:
Dungeon (3/15)

Altars:

Shops:
D:2 (


Innate Abilities, Weirdness & Mutations

You have a beak for a mouth.
You have claws for feet.


Message History

You feel better. The rat barely misses you.
You feel better. The rat misses you.
Casting: Shock (safe; 3% risk of failure)
Confirm with . or Enter, or press ? or * to list all spells.
Aiming: Shock (safe; 3% risk of failure)
Press: ? - help, Shift-Dir - straight line, f - sky beast
Aim: a sky beast (moderately wounded, poisoned, 60% to hit)
You miscast Shock.
You are very lightly contaminated with residual magic.
Nothing appears to happen.
The sky beast looks more healthy.
The rat bites you but does no damage.
Casting: Shock (safe; 3% risk of failure)
Confirm with . or Enter, or press ? or * to list all spells.
Aiming: Shock (safe; 3% risk of failure)
Press: ? - help, Shift-Dir - straight line, f - rat, p - sky beast
Aim: a rat (71% to hit)
Okay, then.
Casting: Shock (safe; 3% risk of failure)
Confirm with . or Enter, or press ? or * to list all spells.
Aiming: Shock (safe; 3% risk of failure)
Press: ? - help, Shift-Dir - straight line, f - rat, p - sky beast
Aim: a rat (71% to hit)
The zap hits the rat.
You kill the rat!
The zap misses the sky beast.
Press: ? - help, v - describe, . - travel The floor.
You hit the sky beast.
The sky beast is poisoned.
The sky beast is moderately wounded.
The sky beast hits you. The sky beast shocks you.
You closely miss the sky beast.
The sky beast is moderately wounded.
The sky beast hits you. The sky beast shocks you.
* * * LOW HITPOINT WARNING * * *
You hit the sky beast.
The sky beast is moderately wounded.
The sky beast hits you.
* * * LOW HITPOINT WARNING * * *
The sky beast shocks you.
You die...

#
#.##.##.############
# ####.##.##.# #
####..).##.##.# #
######.......##.##.#
#
#..>##.#####>#..##.#
# #......# #...###.#
#......# #.......#
##.###.# #.#.#####
#.# #.#####.#@# #.#
#.......#Y# #.#
#########.# #.#
#.######## #.#
#......... ####.#
#.######.# .....#
#.....# .###.#
#.##### .# #.#


You could see a sky beast (very poisoned).

Vanquished Creatures
  An adder (D:3)
  3 worms
  2 dart slugs (D:1)
  5 orcs (D:3)
  6 ball pythons
  4 bats
  An endoplasm (D:2)
  2 giant cockroaches
  4 goblins
  7 hobgoblins
  2 jackals (D:2)
  2 kobolds
  4 quokkas
  5 frilled lizards
  8 rats
56 creatures vanquished.

Notes
Turn   | Place    | Note
-------+----------+-------------------------------------------
     0 | D:1      | pokedragonboy the Tengu Air Elementalist began the quest
                  | for the Orb.
     0 | D:1      | Reached XP level 1. HP: 10/10 MP: 4/4
   254 | D:1      | Reached XP level 2. HP: 15/15 MP: 3/6
   461 | D:1      | Learned a level 2 spell: Static Discharge
  1308 | D:2      | Reached XP level 3. HP: 14/19 MP: 3/7
  1534 | D:2      | Found Fiuqefud's Antique Weapon Shoppe.
  1698 | D:2      | Found a faded altar of an unknown god.
  2347 | D:3      | Reached skill level 5 in Air Magic
  2669 | D:3      | Reached XP level 4. HP: 24/24 MP: 1/8
  3152 | D:3      | Noticed a sky beast
  3316 | D:3      | Slain by a sky beast

Illustrated notes

Levels and vault maps discovered:
D:1:      zelgadis_glass_arrival_small, layout_basic, corner_web_ring
D:2:      layout_loops_ring, shapermc_ecumenical_altar_totnotflames,
          serial_shops, nicolae_shop_window_shopping, kennysheep_flooded_box,
          supply_closet_lemuel
D:3:      layout_loops_ring, serial_shops, shop, kennysheep_potato

Skill      XL: |  1  2  3 |
---------------+----------+-----
Conjurations   | 2 3 |  3.6
Air Magic      | 5 |  5.3
Dodging        | |  2.1
Stealth        | |  2.0
Spellcasting   | |  2.5

Action                   |  1- 3 |  4- 6 || total
-------------------------+-------+-------++-------
Melee: Dagger            |     3 |    13 ||    16
       Kick              |     1 |     2 ||     3
       Peck              |       |     2 ||     2
 Cast: Shock             |    93 |    18 ||   111
  Use: Scroll            |     1 |     2 ||     3
       Potion            |       |     2 ||     2
Armor: Robe              |     4 |     1 ||     5
Dodge: Dodged            |     6 |    11 ||    17
